AoeStats
← bone app the teeth

MegaRandom

506251004Analyzed
2v2 RM · 21d ago on Sep 12, 2026· 47m 17s· 4 players
Game mode
Random Map
Map size
Medium (4 player)
Population
200
Speed
Normal
Resources
Standard
Victory
Conquest
Starting age
Dark Age
Ending age
Imperial Age
RankedLock teamsTeams togetherTeam positionsShared explorationLock speedFull tech treeHidden civsTurbo modeCheats
Victory
Defeat
🇬🇧 Poles · United Kingdom
1082
+16
🇬🇧 Japanese · United Kingdom
1064
+16
🇺🇸 Bohemians · United States
1077
-16
🇺🇸 Lithuanians · United States
1074
-16
SammyDiamonds
9:05 Loom
10:51 Feudal Age
15:23 Castle Age
14:31 Double-Bit Axe
15:32 Horse Collar
22:34 Scale Mail Armor
33:29 Chain Mail Armor
42:35 Imperial Age
40:43 Bow Saw
42:06 Forging
43:40 Conscription
42:52 Capped Ram
45:45 Elite Samurai
47:31 Kataparuto
BiDiDaGo
8:01 Loom
10:20 Feudal Age
10:55 Double-Bit Axe
11:25 Horse Collar
17:28 Gold Mining
17:33 Stone Mining
19:46 Castle Age
19:52 Bloodlines
19:56 Forging
19:52 Scale Barding Armor
20:52 Bow Saw
21:58 Heavy Plow
25:58 Husbandry
26:23 Chain Barding Armor
26:38 Iron Casting
28:09 Light Cavalry
30:54 Fletching
31:40 Iron Casting
32:25 Stone Shaft Mining
32:41 Wheelbarrow
34:50 Imperial Age
32:27 Szlachta Privileges
32:36 Bodkin Arrow
35:07 Cavalier
36:20 Conscription
36:39 Crop Rotation
37:29 Blast Furnace
36:29 Bracer
37:51 Lechitic Legacy
39:13 Lechitic Legacy
39:31 Hand Cart
40:12 Siege Engineers
40:33 Winged Hussar
45:28 Town Watch
Aluerad
8:26 Loom
11:05 Feudal Age
13:55 Double-Bit Axe
17:48 Castle Age
19:19 Horse Collar
23:56 Scale Barding Armor
24:08 Heavy Plow
25:56 Forging
26:32 Bloodlines
26:30 Husbandry
28:12 Wheelbarrow
28:32 Chain Barding Armor
32:18 Iron Casting
32:22 Bow Saw
32:35 Hill Forts
37:03 Hand Cart
40:11 Imperial Age
38:41 Gold Mining
39:48 Fletching
40:13 Cavalier
41:31 Plate Barding Armor
40:52 Bodkin Arrow
41:41 Crop Rotation
41:55 Paladin
bone app the teeth
7:27 Loom
10:39 Feudal Age
11:18 Double-Bit Axe
11:14 Horse Collar
19:46 Castle Age
19:57 Scale Mail Armor
20:37 Bow Saw
22:00 Fletching
29:35 Wheelbarrow
31:46 Chemistry
33:08 Padded Archer Armor
35:53 Wheelbarrow
36:57 Squires
37:44 Pikeman
39:09 Heavy Plow
41:11 Chain Mail Armor
42:31 Leather Archer Armor
45:37 Imperial Age
43:36 Forging
44:05 Wagenburg Tactics
44:21 Town Watch
Connection lost

Rejoining the realm…

Still unreachable

The connection could not be restored.

Session expired

The server has moved on; the page needs a fresh start.